 Dungeon Sprint DCSS version bcrawl-1.31 (webtiles) character file.

Game seed: 2107007173426449723

708373 Groucho the Unseen (level 8, -4/36 HPs)
             Began as a Spriggan Enchanter on Mar 25, 2021.
             Was a Follower of Uskayaw.
             Slain by a polar bear (17 damage)
             ... in the Dungeon (Sprint II: "The Violet Keep of Menkaure").
             The game lasted 00:06:16 (1406 turns).

Groucho the Unseen (Spriggan Enchanter)             Turns: 1406, Time: 00:06:16

Health: -4/36      AC:  4    Str:  6    XL:     8   Next: 84%
Magic:  18/24      EV: 22    Int: 16    God:    Uskayaw [*.....]
Gold:   146        SH:  0    Dex: 17    Spells: 21/30 levels left

rFire    . . .     SeeInvis +   a - +1 dagger
rCold    . . .     Gourm    .   (shield restricted)
rNeg     . . .     Faith    .   i - +2 robe {MR+}
rPois    +         Spirit   .   (helmet restricted)
rElec    .         Reflect  .   (no cloak)
rCorr    .         Harm     .   (gloves unavailable)
MR       ++...     NoTele   +   (boots unavailable)
Stlth    +++++++...             (no amulet)
HPRegen  0.12/turn              c - ring "Wuwoog" {+Fly Slay+2}
MPRegen  0.19/turn              f - ring of poison resistance

@: flying, very quick
A: very small, unfitting armour, see invisible, herbivore, speed 3, slow
metabolism 2
a: Stomp, Renounce Religion, Stop Flying


You were in the Dungeon.
You worshipped Uskayaw.
Uskayaw was noncommittal.
You were not hungry.

You visited 1 branch You collected 1053 gold pieces.
You spent 907 gold pieces at shops.

Inventory:

Hand Weapons
 a - a +1 dagger (weapon)
Armour
 i - a +2 robe of magic resistance (worn)
Jewellery
 c - the ring "Wuwoog" (left hand) {+Fly Slay+2}
   (You bought it in a shop in the Dungeon)

   [ring of flight]

   It affects your accuracy and damage with ranged weapons and melee attacks
   (+2).
   It lets you fly.
 f - a ring of poison resistance (right hand)
 h - an uncursed ring of positive energy
Scrolls
 d - a scroll of fog
 l - a scroll of blinking


   Skills:
 + Level 5.0 Short Blades
 + Level 6.6 Dodging
 + Level 18.9 Stealth
 + Level 11.7 Spellcasting
 + Level 12.0 Hexes


You had 21 spell levels left.
You knew the following spells:

 Your Spells              Type           Power        Failure   Level  Hunger
a - Corona                Hex            #####..      1%          1    None
b - Ensorcelled Hibernat  Hex/Ice        ####..       1%          2    None
c - Confuse               Hex            #####...     1%          3    None
d - Dazzling Orbs         Conj/Hex       ####...      1%          3    None

Your spell library contained the following spells:

 Spells                   Type           Power        Failure   Level  Hunger
 Tukima's Dance           Hex            #####...     1%          3    None
 Cause Fear               Hex            #####.....   1%          4    None


Dungeon Overview and Level Annotations

Branches:
Dungeon (1/1)

Altars:
Cheibriados
Dithmenos
Elyvilon
Fedhas
Gozag
Hepliaklqana
Kikubaaqudgha
Lugonu
Makhleb
Nemelex Xobeh
Okawaru
Qazlal
Ru
Sif Muna
Trog
Uskayaw
Vehumet
Wu Jian
Xom
Yredelemnul
Zin
The Shining One
Beogh
Jiyva

Shops:
D !:=%:((!=[[}=!%?

Annotations:
D exclusion: oklob plant


Innate Abilities, Weirdness & Mutations

You are very small and have problems with some larger weapons.
You are too small for most types of armour.
You have supernaturally acute eyesight. (SInv)
You are a herbivore.
You cover ground extremely quickly.
You need to consume almost no food.


Message History

Casting: Dazzling Orbs (safe; 1% risk of failure)
Confirm with . or Enter, or press ? or * to list all spells.
Aiming: Confuse (safe; 1% risk of failure)
Press: ? - help, Shift-Dir - straight line, f/p - polar bear
Aim: a polar bear (hasn't noticed you, chance to defeat MR: 71%)
The polar bear growls angrily.
The polar bear struggles to resist.
No path to travel!
No path to travel!
Casting: Confuse (safe; 1% risk of failure)
Confirm with . or Enter, or press ? or * to list all spells.
Aiming: Confuse (safe; 1% risk of failure)
Press: ? - help, Shift-Dir - straight line, f/p - polar bear
Aim: a polar bear (chance to defeat MR: 71%)
The polar bear appears confused.
The polar bear bites you!!
Ouch! That really hurt!
The polar bear closely misses you. The polar bear claws you.
No path to travel!
The polar bear bites you!
You die...

##.# ...# ...#### #.####..##
#..##.#▓$($(%((= '###.##..#
+..#..#▓??))(%?( .##...#..#
#..#..#▓()$[?!!$
<.'###'..####..##.#▓!!?(%$$?
.##...#....###...##▓▓▓▓▓▓▓+▓
'###.##.§§...≈≈≈≈≈≈≈≈≈≈≈≈≈..
..####≈≈..§§§≈#'########+###
#..#≈≈≈≈§§§..≈#h@_.....#t§≈#
#.##≈≈§§§§§§§≈#._÷_....#t§§§
+##≈≈≈≈§≈≈§≈≈≈#_._._...#≈§§§
≈≈≈≈§≈§≈≈≈≈§§#._._._..#≈≈§§
+++#≈≈≈≈§≈§§≈#_._._._.#§§§≈
##≈≈≈###≈§#._÷_._._#≈§≈§
#≈≈#_._._._.#§§§§
#≈≈#..._._._#§§≈≈
≈§§§≈##########§§≈≈


You could see a polar bear (confused).

Vanquished Creatures
  A yaktaur (D)
  2 polar bears (D)
  A hornet (D)
  2 tyrant leeches (D)
  2 hippogriffs (D)
  A crocodile (D)
  4 necrophages (D)
  3 worms (D)
16 creatures vanquished.

Vanquished Creatures (others)
  Menkaure (D)
  A crocodile (D)
2 creatures vanquished.

Grand Total: 18 creatures vanquished

Notes
Turn   | Place    | Note
-------+----------+-------------------------------------------
     0 | D        | Groucho the Spriggan Enchanter began the quest for the Orb.
     0 | D        | Reached XP level 1. HP: 9/9 MP: 5/5
     5 | D        | Reached skill level 5 in Stealth
     6 | D        | Reached skill level 6 in Stealth
     9 | D        | Reached XP level 2. HP: 13/13 MP: 5/7
    24 | D        | Noticed a necrophage
    24 | D        | Noticed a necrophage
    24 | D        | Noticed a necrophage
    24 | D        | Noticed a necrophage
    28 | D        | Killed Menkaure
    41 | D        | Killed a necrophage
    42 | D        | Reached skill level 10 in Stealth
    42 | D        | Reached skill level 5 in Spellcasting
    42 | D        | Reached XP level 3. HP: 6/16 MP: 8/11
    42 | D        | Reached XP level 4. HP: 8/21 MP: 8/12
   270 | D        | Killed a crocodile
   355 | D        | Learned a level 2 spell: Ensorcelled Hibernation
   359 | D        | Learned a level 3 spell: Confuse
   363 | D        | Learned a level 3 spell: Dazzling Orbs
   427 | D        | Killed a necrophage
   428 | D        | Reached skill level 12 in Stealth
   428 | D        | Reached XP level 5. HP: 12/24 MP: 1/15
   431 | D        | Killed a necrophage
   432 | D        | Reached skill level 13 in Stealth
   434 | D        | Killed a necrophage
   435 | D        | Reached skill level 14 in Stealth
   435 | D        | Reached XP level 6. HP: 14/28 MP: 2/18
   623 | D        | Noticed a hippogriff
   623 | D        | Noticed a hippogriff
   628 | D        | Killed a hippogriff
   629 | D        | Reached skill level 15 in Stealth
   631 | D        | Killed a hippogriff
   632 | D        | Reached skill level 16 in Stealth
   632 | D        | Reached skill level 10 in Hexes
   632 | D        | Reached XP level 7. HP: 28/32 MP: 17/21
   647 | D        | Noticed a tyrant leech
   647 | D        | Noticed a tyrant leech
   651 | D        | Killed a tyrant leech
   652 | D        | Reached skill level 17 in Stealth
   652 | D        | Reached skill level 10 in Spellcasting
   653 | D        | Killed a tyrant leech
   654 | D        | Reached skill level 18 in Stealth
   654 | D        | Reached XP level 8. HP: 33/36 MP: 14/23
   670 | D        | Found Afosaw's Distillery.
   670 | D        | Found Puitouwn's Magic Scroll Emporium.
   670 | D        | Found Sompaj's Jewellery Shoppe.
   670 | D        | Found Nuefyul's Food Shoppe.
   670 | D        | Found Ihotun's Gadget Emporium.
   671 | D        | Found Goahuh's Antique Armour Shoppe.
   671 | D        | Found Paygiann's Jewellery Emporium.
   671 | D        | Found Cadd's Distillery.
   672 | D        | Found Oqaoj's Antique Weapon Emporium.
   672 | D        | Found Taety's Antique Weapon Shoppe.
   672 | D        | Found Zitunnak's Book Shoppe.
   672 | D        | Noticed an ice dragon
   673 | D        | Found Foteun's Antique Armour Emporium.
  1042 | D        | Found Jofir's Food Shoppe.
  1042 | D        | Found Loburese's Jewellery Emporium.
  1042 | D        | Noticed an oklob plant
  1043 | D        | Found Imynoera's Distillery.
  1043 | D        | Found Wimnobaw's Book Shoppe.
  1044 | D        | Noticed a hell hog
  1045 | D        | Noticed a hell hog
  1047 | D        | Noticed a great orb of eyes
  1054 | D        | Bought the ring "Wuwoog" {+Fly Slay+2} for 356 gold pieces
  1054 | D        | Bought an uncursed ring of poison resistance for 220 gold
                  | pieces
  1054 | D        | Bought an uncursed ring of positive energy for 220 gold
                  | pieces
  1066 | D        | Bought a runed robe for 111 gold pieces
  1105 | D        | Found a stormy altar of Qazlal.
  1105 | D        | Found an ornate altar of the Wu Jian Council.
  1106 | D        | Found a hazy altar of Hepliaklqana.
  1106 | D        | Found a sacrificial altar of Ru.
  1107 | D        | Found a roughly hewn altar of Beogh.
  1107 | D        | Found a viscous altar of Jiyva.
  1107 | D        | Found a shimmering blue altar of Sif Muna.
  1108 | D        | Found a shimmering altar of Xom.
  1109 | D        | Found a snail-covered altar of Cheibriados.
  1109 | D        | Found an ancient bone altar of Kikubaaqudgha.
  1109 | D        | Found a bloodstained altar of Trog.
  1110 | D        | Found a shadowy altar of Dithmenos.
  1110 | D        | Found a corrupted altar of Lugonu.
  1112 | D        | Found a white marble altar of Elyvilon.
  1112 | D        | Found a burning altar of Makhleb.
  1113 | D        | Found a blossoming altar of Fedhas.
  1115 | D        | Found an opulent altar of Gozag.
  1115 | D        | Found a glowing golden altar of the Shining One.
  1115 | D        | Found a basalt altar of Yredelemnul.
  1115 | D        | Found a hide-covered altar of Uskayaw.
  1115 | D        | Found a sparkling altar of Nemelex Xobeh.
  1115 | D        | Noticed a hornet
  1115 | D        | Noticed a polar bear
  1116 | D        | Found a glowing silver altar of Zin.
  1116 | D        | Found a radiant altar of Vehumet.
  1116 | D        | Found an iron altar of Okawaru.
  1116 | D        | Noticed a yaktaur
  1116 | D        | Noticed a polar bear
  1123 | D        | Became a worshipper of Uskayaw the Reveler
  1130 | D        | Reached * piety under Uskayaw
  1131 | D        | Killed a polar bear
  1132 | D        | Reached skill level 5 in Dodging
  1133 | D        | Noticed a polar bear
  1145 | D        | Killed a hornet
  1149 | D        | Killed a polar bear
  1154 | D        | Reached ** piety under Uskayaw
  1156 | D        | Reached *** piety under Uskayaw
  1157 | D        | Killed a yaktaur
  1158 | D        | Reached skill level 5 in Short Blades
  1406 | D        | Slain by a polar bear

Skill      XL: |  1  2  3  4  5  6  7  8 |
---------------+-------------------------+-----
Stealth        | 6 10 12 14 16 18 | 18.9
Spellcasting   | 3 5 6 8 9 10 11 | 11.7
Hexes          | 4 6 7 8 10 11 12 | 12.0
Short Blades   | 5 |  5.0
Dodging        | 6 |  6.6

Action                   |  1- 3 |  4- 6 |  7- 9 || total
-------------------------+-------+-------+-------++-------
Melee: Dagger            |    10 |    49 |    17 ||    76
 Cast: Confuse           |       |    12 |     6 ||    18
       Ensorcelled Hiber |       |     1 |    10 ||    11
       Dazzling Orbs     |       |       |     3 ||     3
       Corona            |       |       |     1 ||     1
 Abil: Evoke Flight      |       |       |     2 ||     2
  Use: Potion            |     1 |     5 |     1 ||     7
 Stab: Sleeping          |     3 |     2 |     3 ||     8
       Invisible         |       |     3 |     2 ||     5
       Confused          |       |       |     2 ||     2
       Paralysed         |       |       |     1 ||     1
  Eat: Ration            |       |       |     1 ||     1
Armor: Robe              |     1 |     1 |     2 ||     4
Dodge: Dodged            |     2 |    34 |    15 ||    51
